 Dungeon Crawl Stone Soup version 0.26.1-11-gd32895ea62 (webtiles) character file.

Game seed: 2152840419459834234

83 Zeld the Slasher (level 4, -5/33 HPs)
             Began as a Human Gladiator on June 5, 2021.
             Killed from afar by Ijyb (20 damage)
             ... with a bolt of acid
             ... on level 3 of the Dungeon.
             The game lasted 00:02:33 (1645 turns).

Zeld the Slasher (Human Gladiator)                  Turns: 1645, Time: 00:02:34

Health: -5/33      AC:  5    Str: 16    XL:     4   Next: 71%
Magic:  4/4        EV: 13    Int:  8    God:
Gold:   134        SH:  0    Dex: 14    Spells: 3/3 levels left

rFire    . . .     SeeInvis .   a - +0 long sword
rCold    . . .     Faith    .   (no shield)
rNeg     . . .     Spirit   .   b - +0 leather armour
rPois    .         Reflect  .   c - +0 helmet
rElec    .         Harm     .   d - +0 cloak
rCorr    .         Rampage  .   (no gloves)
Will     .....                  (no boots)
Stlth    +.........             (no amulet)
HPRegen  0.11/turn              (no ring)
MPRegen  0.09/turn              (no ring)

@: no status effects
A: no striking features
a: no special abilities


You were on level 3 of the Dungeon.
You visited 1 branch of the dungeon, and saw 3 of its levels.

You collected 134 gold pieces.

Inventory:

Hand Weapons
 a - a +0 long sword (weapon)
Missiles
 l - 13 poisoned darts (quivered)
Armour
 b - a +0 leather armour (worn)
 c - a +0 helmet (worn)
 d - a +0 cloak (worn)
Jewellery
 r - an uncursed ring of flight {unknown}
Wands
 t - a wand of digging (4)
Scrolls
 e - 2 scrolls of random uselessness {unknown}
 g - 2 scrolls of teleportation {unknown}
 h - 5 scrolls of remove curse {unknown}
 i - a scroll of amnesia {unknown}
 k - 2 scrolls of identify {unknown}
 p - a scroll of magic mapping {unknown}
Potions
 f - a potion of cancellation {unknown}
 j - a potion of mutation {unknown}
 m - 2 potions of heal wounds {unknown}
 n - 2 potions of curing {unknown}
 o - a potion of lignification {unknown}
 q - a potion of invisibility {unknown}


   Skills:
 - Level 2.0 Fighting
 * Level 5.1 Long Blades
 - Level 2.0 Throwing
 - Level 3.0 Dodging


You had 3 spell levels left.
You didn't know any spells.
Your spell library was empty.

Dungeon Overview and Level Annotations

Branches:
Dungeon (3/15)

Altars:
Sif Muna

Annotations:
D:3 Ijyb


Message History

You see here a kobold corpse.
You hit Ijyb.
Ijyb is lightly wounded.
Ijyb zaps a wand.
The bolt of acid hits you. The acid corrodes you!
You are splashed with acid!
You are too injured to fight recklessly!
Throw: throwing net
Press: ? - help, Q - select action, (/) - cycle Shift-Dir - straight line, f - Ijyb
Aim: Ijyb, wielding a +0 dagger, wearing a +0 leather armour and carrying a wand of acid (11) (lightly wounded, 53% to hit)
You throw a throwing net. The throwing net barely misses Ijyb.
Ijyb closely misses you.
Ijyb screams, "Me very upset!"
Ijyb screams, "I no like you!"
The giant cockroach waves its antennae.
Ijyb zaps a wand.
The bolt of acid misses you.
You are no longer corroded.
The giant cockroach waves its antennae.
Ijyb zaps a wand.
The bolt of acid hits you!!
Ouch! That really hurt!
You die...

###...##.#.......##
##....##..........#
#..........<......+
##................#
##.#.####.......##
#####.# ##.....##
#.....# ##...##
#.##### ##+### #.#
#@..# #†# ######.#.#
# #.# #......# ..##
#.# #..#g### #...
#.######..#...#...###
#......)......#.#
########..#.....#
#..##..#.# #..##..#.#


You could see Ijyb.

Vanquished Creatures
  Crazy Yiuf (D:2)
  An adder (D:3)
  5 dart slugs
  5 orcs (D:3)
  4 goblins
  5 hobgoblins
  2 jackals (D:1)
  2 kobolds (D:2)
  A bat (D:2)
  2 frilled lizards
  3 rats
31 creatures vanquished.

Vanquished Creatures (others)
  A kobold (D:3)
1 creature vanquished.

Grand Total: 32 creatures vanquished

Notes
Turn   | Place    | Note
-------+----------+-------------------------------------------
     0 | D:1      | Zeld the Human Gladiator began the quest for the Orb.
     0 | D:1      | Reached XP level 1. HP: 16/16 MP: 1/1
   166 | D:1      | Reached XP level 2. HP: 22/22 MP: 2/2
   546 | D:2      | Reached skill level 4 in Long Blades
   546 | D:2      | Reached XP level 3. HP: 23/27 MP: 3/3
   919 | D:2      | Found a runed translucent door.
   920 | D:2      | Noticed Crazy Yiuf
   964 | D:2      | Found a shimmering blue altar of Sif Muna.
  1182 | D:2      | Killed Crazy Yiuf
  1183 | D:2      | Reached XP level 4. HP: 16/33 MP: 4/4
  1605 | D:3      | Reached skill level 5 in Long Blades
  1623 | D:3      | Noticed Ijyb
  1645 | D:3      | Killed from afar by Ijyb

Illustrated notes

Levels and vault maps discovered:
D:1:      lightli_arrival_lavapool, layout_rooms, hangedman_glass_teeth,
          serial_bayou_pond_e
D:2:      layout_rooms, lemuel_doored_altar, uniq_crazy_yiuf_cottage
D:3:      layout_loops_corners, minmay_misc_feat_diagonals, uniq_ijyb

Skill      XL: |  1  2  3  4 |
---------------+-------------+-----
Long Blades    | 4 5 |  5.1
Fighting       | |  2.0
Throwing       | |  2.0
Dodging        | |  3.0

Action                   |  1- 3 |  4- 6 || total
-------------------------+-------+-------++-------
Melee: Long sword        |    65 |    33 ||    98
Throw: Throwing net      |     3 |     1 ||     4
 Stab: Held in net/web   |     1 |       ||     1
Armor: Leather armour    |     9 |     3 ||    12
Dodge: Dodged            |    33 |    22 ||    55
       Rpst.: Long sword |     7 |     8 ||    15
